 Dungeon Crawl Stone Soup version 0.25-a0-614-g73ad250637 (webtiles) character file.

Game seed: 12084006053199700444, levelgen mode: deterministic

165522 kae the Black Belt (level 17, -4/131 HPs)
             Began as a Demonspawn Monk on Mar 17, 2020.
             Was the Champion of Wu Jian.
             Slain by Asterion
             ... wielding a +3 demon whip of electrocution
              (20 damage)
             ... on level 4 of the Snake Pit.
             The game lasted 00:36:43 (35436 turns).

kae the Black Belt (Demonspawn Monk)               Turns: 35436, Time: 00:36:43

Health: -4/131     AC: 27    Str: 17    XL:     17   Next: 28%
Magic:  21/21      EV:  8    Int: 15    God:    Wu Jian [******]
Gold:   460        SH:  8    Dex: 20    Spells: 15/16 levels left

rFire    + . .     SeeInvis +     - Unarmed
rCold    + + .     Gourm    .   K - +2 buckler "Tourueh" {Dex+3 Slay+5}
rNeg     + . .     Faith    .   P - +2 crystal plate armour {rC+}
rPois    +         Spirit   .   U - +0 hat "Xeffisoh" {rN+ Int+3}
rElec    .         Reflect  .   j - scarf {cloud immunity}
rCorr    .         Harm     .   (no gloves)
MR       +....                  (no boots)
Stlth    ..........             M - amulet of regeneration
HPRegen  0.71/turn              l - ring of poison resistance
MPRegen  0.17/turn              x - ring of see invisible

@: lightly drained
A: claws 2, talons 1, molten scales 3, cold resistance 1, demonic guardian 2,
wild magic 1, freezing cloud immunity
a: Wall Jump, Serpent's Lash, Heavenly Storm, Renounce Religion


You were on level 4 of the Snake Pit.
You worshipped Wu Jian.
Wu Jian was exalted by your worship.
You were not hungry.

You visited 4 branches of the dungeon, and saw 26 of its levels.
You also visited: Ice Cave.

You collected 2205 gold pieces.
You spent 1745 gold pieces at shops.

Inventory:

Armour
 j - a scarf of cloud immunity (worn)
 K - the +2 buckler "Tourueh" (worn) {Dex+3 Slay+5}
   (You acquired it on level 12 of the Dungeon)

   It affects your dexterity (+3).
   It affects your accuracy and damage with ranged weapons and melee attacks
   (+5).
 P - a +2 crystal plate armour of cold resistance (worn)
 U - the +0 hat "Xeffisoh" (worn) {rN+ Int+3}
   (You bought it in a shop on level 14 of the Dungeon)

   It affects your intelligence (+3).
   It protects you from negative energy.
Jewellery
 k - an uncursed ring of stealth
 l - a ring of poison resistance (left claw)
 x - a ring of see invisible (right claw)
 M - an amulet of regeneration (around neck)
 O - an uncursed ring of ice
 S - an uncursed ring of magical power
 T - the amulet "Xunacl Hako" {RegenMP rF+}
   (You bought it in a shop on level 14 of the Dungeon)

   [amulet of magic regeneration]

   It increases your magic regeneration.
   It protects you from fire.
 V - the ring "Oxept" {rF+ Stlth-}
   (You bought it in a shop on level 14 of the Dungeon)

   [ring of attention]

   It protects you from fire.
   It makes you less stealthy.
Wands
 a - a wand of iceblast (5)
 f - a wand of disintegration (16)
 i - a wand of polymorph (28)
 p - a wand of acid (13)
 r - a wand of flame (64)
 v - a wand of enslavement (11)
 C - a wand of digging (14)
 L - a wand of random effects (16)
Scrolls
 d - 9 scrolls of teleportation
 m - 6 scrolls of identify
 o - 3 scrolls of fear
 q - 10 scrolls of remove curse
 u - 2 scrolls of amnesia
 y - 3 scrolls of fog
 A - 4 scrolls of enchant weapon
 F - 3 scrolls of magic mapping
 G - 4 scrolls of enchant armour
 H - a scroll of blinking
Potions
 c - a potion of berserk rage
 e - 4 potions of resistance
 g - 2 potions of haste
 h - 7 potions of curing
 n - 5 potions of mutation
 s - 5 potions of heal wounds
 t - a potion of cancellation
 z - 2 potions of flight
 B - 2 potions of brilliance
 D - 2 potions of stabbing
 E - a potion of magic
 I - a potion of invisibility
 J - a potion of ambrosia
Miscellaneous
 N - a tin of tremorstones
Comestibles
 b - 47 rations


   Skills:
 + Level 11.2(10.8) Fighting
 + Level 12.0(11.7) Armour
 + Level 12.4(12.0) Dodging
 - Level 1.7(1.4) Stealth
 - Level 4.0(3.7) Shields
 * Level 17.9(17.5) Unarmed Combat
 - Level 6.0(5.7) Evocations


You had 15 spell levels left.
You knew the following spells:

 Your Spells              Type           Power        Failure   Level  Hunger
a - Apportation           Tloc           #.....       100%        1    ##.....

Your spell library contained the following spells:

 Spells                   Type           Power        Failure   Level  Hunger
 Freeze                   Ice            #...         100%        1    ##.....
 Sandblast                Erth           #.....       100%        1    ##.....
 Summon Butterflies       Summ           #.......     100%        1    ##.....
 Passwall                 Tmut/Erth      #.......     100%        2    ###....
 Frozen Ramparts          Ice            #.....       100%        3    ####...
 Lesser Beckoning         Tloc           #.........   100%        3    ####...
 Ozocubu's Armour         Chrm/Ice       #.......     100%        3    ####...
 Recall                   Summ/Tloc      N/A          100%        3    ####...
 Stone Arrow              Conj/Erth      #.....       100%        3    ####...
 Teleport Other           Tloc           #.......     100%        3    ####...
 Tukima's Dance           Hex            #.......     100%        3    ####...
 Animate Dead             Necr           N/A          100%        4    #####..
 Hailstorm                Conj/Ice       #.......     100%        4    #####..
 Iskenderun's Mystic Bla  Conj/Tloc      #.......     100%        4    #####..
 Petrify                  Tmut/Erth      #.......     100%        4    #####..
 Summon Ice Beast         Ice/Summ       #.......     100%        4    #####..
 Alistair's Intoxication  Tmut/Pois      #.......     100%        5    ######.
 Aura of Abjuration       Summ           #.........   100%        5    ######.
 Borgnjor's Vile Clutch   Necr/Erth      #.........   100%        5    ######.
 Lee's Rapid Deconstruct  Erth           #.........   100%        5    ######.
 Summon Demon             Summ           #.........   100%        5    ######.
 Summon Forest            Summ/Tloc      #.........   100%        5    ######.
 Summon Mana Viper        Hex/Summ       #.......     100%        5    ######.
 Death Channel            Necr           #.........   100%        6    #######
 Invisibility             Hex            #.......     100%        6    #######
 Shadow Creatures         Summ           N/A          100%        6    #######
 Simulacrum               Ice/Necr       #.........   100%        6    #######


Dungeon Overview and Level Annotations

Branches:
Dungeon (15/15)            Temple (1/1) D:6            Lair (6/6) D:8
 Shoals (0/4) Lair:3        Snake (4/4) Lair:2        Slime (0/5) Lair:6
    Orc (0/2) D:9          Vaults (0/5) D:14         Depths (0/5) D:15
  IceCv (visited)

Altars:
Ashenzari
Cheibriados
Dithmenos
Elyvilon
Fedhas
Gozag
Hepliaklqana
Kikubaaqudgha
Makhleb
Nemelex Xobeh
Okawaru
Qazlal
Ru
Sif Muna
Trog
Uskayaw
Vehumet
Wu Jian
Xom
Yredelemnul
Zin
The Shining One
Jiyva

Shops:
D:5 (   D:7 }   D:10 !   D:14 *   Snake:1 *

Annotations:
D:6 Maggie
D:7 exclusion: centaur, Harold
D:9 exclusion: ice statue
Lair:3 1 runed translucent door, Taedwyor's ghost, journeyman HOFi
Lair:5 exclusion: 2 oklob plants
Lair:6 1 runed translucent door, exclusion: 3 oklob plants
Snake:4 Asterion


Innate Abilities, Weirdness & Mutations

You have very sharp fingernails.
You are completely covered in molten scales. (AC +4, rF+)
Your flesh is cold resistant. (rC+)
A demonic guardian rushes to your aid.
You are immune to freezing clouds.
You have sharp toenails.
Your spells are a little harder to cast, but a little more powerful.


Message History

Your ice devil freezes the Executioner.
The Executioner resists.
You claw Asterion!
Asterion is severely wounded.
The Executioner hits you but does no damage.
The Executioner closely misses you.
The Executioner hits you but does no damage. x2
The Executioner hits you.
* * * LOW HITPOINT WARNING * * *
The Executioner hits you but does no damage.
Asterion closely misses you. Asterion gores you but does no damage.
Your ice devil barely misses the Executioner.
Asterion blocks your attack.
You claw Asterion!
Asterion is severely wounded.
The Executioner barely misses you. You block the Executioner's attack.
The Executioner barely misses you. You block the Executioner's attack. x2
The Executioner hits you but does no damage.
Asterion hits you with a +3 demon whip of electrocution!
* * * LOW HITPOINT WARNING * * *
You are electrocuted!!
You die...

#.
#.###########
#...........#
#...........#
#.....H.....#
#..#.#@#....#
#.41..#
##.#.##
#(....#
##.#<##
#.......#
##.#.#..#
#.........
..#?#.# .....


You could see Asterion, an Executioner and a friendly ice devil.

Vanquished Creatures
  Jorgrun (D:14)
  A nagaraja (Snake:3)
  An iron dragon (D:12)
  A fire giant (D:12)
  The ghost of emiel the Markscentaur, a journeyman CeHu of Okawaru (Snake:1)
  Josephine (D:15)
  2 ice dragons (D:15)
  6 naga warriors
  3 hydras
  2 catoblepae
  A death knight (D:12)
  6 anacondas
  2 dancing weapons (D:14)
  5 centaur warriors
  5 naga sharpshooters
  3 two-headed ogres
  8 death yaks
  3 salamander mystics (Snake:3)
  2 skeletal warriors (D:13)
  3 sea snakes (Snake:2)
  4 unseen horrors
  6 naga ritualists
  A wolf spider zombie (D:15)
  A deep elf mage (D:12)
  7 salamanders
  4 ugly things
  13 mana vipers
  A cyclops (D:12)
  A manticore (Lair:6)
  2 guardian serpents
  24 black mambas
  2 ice statues (IceCv)
  5 elephants
  3 gargoyles
  4 naga magi
  6 spiny frogs
  A centaur skeleton (D:15)
  A kobold demonologist (D:12)
  10 komodo dragons
  3 rime drakes
  2 efreet
  9 ice devils (IceCv)
  3 trolls
  A queen bee (D:10)
  2 hornets
  A snapping turtle (Lair:3)
  Grinder (D:6)
  4 blink frogs (Lair:3)
  Prince Ribbit (Lair:3)
  18 hippogriffs
  2 slime creatures (D:12)
  2 spriggans (Lair:1)
  A meliai zombie (D:12)
  A shadow (D:13)
  36 yaks
  A basilisk (Lair:4)
  5 wyverns
  4 wraiths
  A vampire (D:13)
  A hungry ghost (D:12)
  30 nagas
  2 vampire mosquitoes (D:15)
  An acid dragon (D:15)
  10 porcupines
  2 soldier ants
  16 water moccasins
  4 black bears
  7 ice beasts
  5 orc warriors
  A sky beast (D:12)
  2 phantoms
  5 ogres
  2 eyes of draining
  A hornet zombie (D:14)
  18 centaurs
  5 wolves
  8 crocodiles
  27 bullfrogs
  A wyvern skeleton (D:14)
  A wyvern zombie (D:13)
  3 scorpions
  33 killer bees
  12 wights
  An electric eel (Lair:3)
  3 howler monkeys (D:8)
  4 bullfrog zombies
  4 crimson imps
  6 hounds
  A quasit (D:13)
  2 centaur zombies
  12 jellies
  9 orc priests
  9 orc wizards
  A bullfrog skeleton (D:12)
  An iguana (D:12)
  12 worker ants
  2 worker ant zombies
  A howler monkey zombie (D:10)
  13 adders
  3 gnolls (D:7)
  A howler monkey skeleton (D:6)
  3 shadow imps
  11 white imps (IceCv)
  4 ufetubi (IceCv)
  6 oozes
  An adder zombie (D:5)
  2 worms (D:2)
  2 dart slugs
  4 leopard geckos
  56 orcs
  5 ball pythons (Snake:2)
  7 giant cockroaches
  14 hobgoblins
  20 jackals
  7 kobolds
  6 quokkas
  10 bats
  3 frilled lizards
  7 goblins
  A leopard gecko skeleton (D:8)
  A quokka skeleton (D:4)
  5 rats (D:2)
  A plant (Lair:1)
709 creatures vanquished.

Vanquished Creatures (collateral kills)
  Gastronok (D:11)
  Nessos (D:15)
  A rakshasa (D:12)
  A naga warrior (Snake:3)
  An anaconda (Snake:3)
  2 centaur warriors
  2 hydras
  2 catoblepae (Lair:6)
  A death knight (D:13)
  2 two-headed ogres
  4 death yaks
  4 naga sharpshooters
  A slime creature (D:12)
  2 naga ritualists
  2 mana vipers
  2 salamanders (Snake:3)
  An oklob plant (Lair:6)
  An ugly thing (D:11)
  A cyclops (D:11)
  2 manticores
  A centaur zombie (D:14)
  3 elephants (Lair:2)
  4 black mambas
  3 spiny frogs
  A torpor snail (Lair:6)
  A rime drake (Lair:6)
  A komodo dragon (Lair:2)
  A freezing wraith (D:13)
  A troll (D:14)
  3 blink frogs (Lair:3)
  3 hippogriffs
  A wyvern (D:9)
  4 wraiths
  A basilisk (Lair:5)
  21 yaks
  A steam dragon (D:11)
  A naga (Snake:3)
  A water moccasin (Snake:2)
  A porcupine (Lair:2)
  3 ice beasts (D:13)
  An ogre (D:4)
  A wolf (Lair:2)
  3 centaurs
  A bullfrog (Lair:2)
  6 killer bees (D:10)
  A crimson imp (D:4)
  A centaur skeleton (D:7)
  An orc priest (D:12)
  An orc wizard (D:9)
  A hound skeleton (D:4)
  An adder (Snake:2)
  2 orcs (D:9)
110 creatures vanquished.

Vanquished Creatures (others)
  A reaper (IceCv)
  A white imp (IceCv)
  4 ufetubi (IceCv)
  14 fungi
  19 plants
  2 withered plants (Lair:3)
41 creatures vanquished.

Grand Total: 860 creatures vanquished

Notes
Turn   | Place    | Note
-------+----------+-------------------------------------------
     0 | D:1      | kae the Demonspawn Monk began the quest for the Orb.
     0 | D:1      | Reached XP level 1. HP: 18/18 MP: 1/1
    95 | D:1      | Reached skill level 3 in Unarmed Combat
   121 | D:1      | Gained mutation: A weak demonic guardian rushes to your
                  | aid. [demonic ancestry]
   121 | D:1      | Reached XP level 2. HP: 22/24 MP: 2/2
   720 | D:2      | Gained mutation: You have sharp fingernails. [demonic
                  | ancestry]
   720 | D:2      | Reached XP level 3. HP: 22/29 MP: 3/3
  1216 | D:2      | Reached skill level 4 in Unarmed Combat
  1216 | D:2      | Reached XP level 4. HP: 31/37 MP: 4/4
  1284 | D:2      | Noticed a moth of wrath
  1287 | D:2      | Found a bloodstained altar of Trog.
  2035 | D:3      | Found a faded altar of an unknown god.
  2944 | D:4      | Reached XP level 5. HP: 41/42 MP: 5/5
  2961 | D:4      | Noticed an ogre
  2972 | D:4      | Killed an ogre
  2972 | D:4      | Reached skill level 5 in Unarmed Combat
  3262 | D:4      | Gained mutation: Your flesh is cold resistant. (rC+)
                  | [demonic ancestry]
  3262 | D:4      | Reached XP level 6. HP: 49/49 MP: 6/6
  3282 | D:4      | Found a shimmering blue altar of Sif Muna.
  3674 | D:4      | You fall into a shaft and drop 2 floors!
  3687 | D:5      | Entered Level 5 of the Dungeon
  4206 | D:5      | Found a glowing golden altar of the Shining One.
  4211 | D:5      | Reached skill level 5 in Fighting
  4408 | D:5      | Noticed an orc warrior
  4414 | D:5      | Reached skill level 6 in Unarmed Combat
  4440 | D:5      | Gained mutation: You have sharp toenails. [potion of
                  | mutation]
  4440 | D:5      | Gained mutation: Your spells are a little harder to cast,
                  | but a little more powerful. [potion of mutation]
  4450 | D:5      | Killed an orc warrior
  4450 | D:5      | Reached XP level 7. HP: 19/56 MP: 7/7
  5020 | D:5      | Found Jyucaigg's Antique Weapon Boutique.
  5590 | D:6      | Noticed Maggie
  5634 | D:6      | Found a burning altar of Makhleb.
  5636 | D:6      | Noticed Grinder
  5642 | D:6      | Killed Grinder
  5642 | D:6      | Reached skill level 7 in Unarmed Combat
  5645 | D:6      | Gained mutation: You are partially covered in molten
                  | scales. (AC +2) [demonic ancestry]
  5645 | D:6      | Reached XP level 8. HP: 52/64 MP: 8/8
  6302 | D:6      | Found a staircase to the Ecumenical Temple.
  6367 | Temple   | Entered the Ecumenical Temple
  6557 | Temple   | Became a worshipper of the Wu Jian Council
  6557 | Temple   | Reached * piety under Wu Jian
  6557 | Temple   | Reached ** piety under Wu Jian
  6736 | D:6      | Reached skill level 8 in Unarmed Combat
  6979 | D:4      | Found a hazy altar of Hepliaklqana.
  7438 | D:7      | Found a shimmering altar of Xom.
  7439 | D:7      | Noticed Harold
  7555 | D:7      | Found a shattered altar of Ashenzari.
  7617 | D:7      | Found a stormy altar of Qazlal.
  7904 | D:7      | Found a sparkling altar of Nemelex Xobeh.
  8096 | D:7      | Reached skill level 9 in Unarmed Combat
  8131 | D:7      | Gained mutation: You are immune to freezing clouds.
                  | [demonic ancestry]
  8131 | D:7      | Reached XP level 9. HP: 18/72 MP: 9/9
  8461 | D:7      | Found Etinaok's Gadget Emporium.
  8978 | D:8      | Found an iron altar of Okawaru.
  9042 | D:8      | Reached skill level 10 in Unarmed Combat
  9544 | D:8      | Noticed a komodo dragon
  9545 | D:8      | Found a staircase to the Lair.
  9570 | D:8      | Killed a komodo dragon
  9951 | D:8      | Identified Zeyrocvi's Papyrus of Experimentation
 10046 | D:8      | Found an opulent altar of Gozag.
 10205 | D:9      | Reached *** piety under Wu Jian
 10590 | D:9      | Found a staircase to the Orcish Mines.
 10894 | D:9      | Reached skill level 11 in Unarmed Combat
 11215 | D:9      | Gained mutation: You are mostly covered in molten scales.
                  | (AC +3) [demonic ancestry]
 11215 | D:9      | Reached XP level 10. HP: 82/82 MP: 10/10
 11249 | D:9      | Found a shimmering blue altar of Sif Muna.
 11274 | D:9      | Noticed a two-headed ogre
 11281 | D:9      | Killed a two-headed ogre
 11517 | D:9      | Noticed an ice statue
 11547 | D:9      | Reached **** piety under Wu Jian
 12225 | D:10     | Entered Level 10 of the Dungeon
 12226 | D:10     | Noticed a two-headed ogre
 12234 | D:10     | Killed a two-headed ogre
 12234 | D:10     | Reached skill level 12 in Unarmed Combat
 12416 | D:10     | Reached skill level 10 in Fighting
 12500 | D:10     | Reached skill level 1 in Armour
 12743 | D:10     | Gained mutation: A demonic guardian rushes to your aid.
                  | [demonic ancestry]
 12743 | D:10     | Reached XP level 11. HP: 77/90 MP: 11/11
 13080 | D:10     | Found Foniz's Distillery.
 13084 | D:10     | Bought a potion of heal wounds for 65 gold pieces
 13084 | D:10     | Bought a potion of curing for 39 gold pieces
 13401 | D:10     | Found a blossoming altar of Fedhas.
 14019 | D:11     | Reached skill level 5 in Dodging
 14231 | D:11     | Noticed Gastronok
 14242 | D:11     | Killed Gastronok
 14422 | D:11     | Reached skill level 5 in Armour
 14805 | D:11     | Reached ***** piety under Wu Jian
 15393 | D:11     | Noticed a red ugly thing
 15399 | D:11     | Killed a red ugly thing
 15569 | D:11     | Found a shadowy altar of Dithmenos.
 15875 | Lair:1   | Entered Level 1 of the Lair of Beasts
 16108 | Lair:1   | Noticed a five-headed hydra
 16121 | Lair:1   | Killed a five-headed hydra
 16601 | Lair:1   | Gained mutation: You have very sharp fingernails. [demonic
                  | ancestry]
 16601 | Lair:1   | Reached XP level 12. HP: 67/97 MP: 12/12
 17629 | Lair:2   | Reached skill level 13 in Unarmed Combat
 18009 | Lair:2   | Found a staircase to the Snake Pit.
 19468 | Lair:3   | Found a runed translucent door.
 19469 | Lair:3   | Noticed Taedwyor's ghost (journeyman HOFi)
 19891 | Lair:3   | Found a staircase to the Shoals.
 20131 | Lair:3   | Noticed Prince Ribbit
 20135 | Lair:3   | Reached skill level 14 in Unarmed Combat
 20138 | Lair:3   | Killed Prince Ribbit
 20354 | Lair:4   | Reached XP level 13. HP: 103/103 MP: 13/13
 22294 | Lair:6   | Entered Level 6 of the Lair of Beasts
 23353 | Lair:6   | Reached ****** piety under Wu Jian
 23863 | Lair:6   | Reached skill level 15 in Unarmed Combat
 24178 | Lair:6   | Reached skill level 10 in Dodging
 25166 | Lair:6   | Found a viscous altar of Jiyva.
 25167 | Lair:6   | Found a runed translucent door.
 25167 | Lair:6   | Noticed an acid blob
 25170 | Lair:6   | Found a staircase to the Slime Pits.
 25191 | Lair:6   | Learned a level 1 spell: Apportation
 25943 | D:12     | Reached XP level 14. HP: 95/110 MP: 14/14
 26570 | D:12     | Identified a scroll of acquirement
 26570 | D:12     | Identified the +2 buckler "Tourueh" {Dex+3 Slay+5} (You
                  | acquired it on level 12 of the Dungeon)
 26570 | D:12     | Identified the ring of Gecero {Ice rPois Dex+2 Stlth+} (You
                  | acquired it on level 12 of the Dungeon)
 26615 | D:12     | Reached skill level 10 in Armour
 26870 | D:12     | Reached skill level 1 in Shields
 27958 | D:12     | Identified the +8 trident of Lomakkui {elec, SInv}
 27960 | D:12     | Noticed an iron dragon
 28303 | D:12     | Noticed a fire giant
 28310 | D:12     | Killed a fire giant
 28558 | D:12     | Killed an iron dragon
 29357 | D:13     | Reached skill level 16 in Unarmed Combat
 29430 | D:13     | Found a frozen archway.
 29493 | IceCv    | Entered an ice cave
 29589 | IceCv    | Killed a reaper
 30246 | D:13     | You fall into a shaft and drop 2 floors!
 30246 | D:15     | Entered Level 15 of the Dungeon
 30266 | D:15     | Noticed Nessos
 30273 | D:15     | Noticed Josephine
 30278 | D:15     | Killed Josephine
 30278 | D:15     | Killed Nessos
 30710 | D:15     | Reached XP level 15. HP: 67/115 MP: 15/15
 30779 | D:15     | Found a staircase to the Depths.
 31032 | D:14     | Found a gate to the Vaults.
 31159 | D:14     | Found Levoahay's Antique Artefacts.
 31165 | D:14     | Bought an ancient jade amulet for 130 gold pieces
 31165 | D:14     | Bought a shimmering hat for 234 gold pieces
 31165 | D:14     | Bought a steaming glass ring for 130 gold pieces
 31165 | D:14     | Bought a pair of shimmering gloves for 247 gold pieces
 31167 | D:14     | Identified the amulet "Xunacl Hako" {RegenMP rF+} (You
                  | bought it in a shop on level 14 of the Dungeon)
 31168 | D:14     | Identified the ring "Oxept" {rF+ Stlth-} (You bought it in
                  | a shop on level 14 of the Dungeon)
 31169 | D:14     | Identified the +0 hat "Xeffisoh" {rN+ Int+3} (You bought it
                  | in a shop on level 14 of the Dungeon)
 31170 | D:14     | Identified the +2 pair of gloves of Precision Catastrophes
                  | {rCorr Int+3 Dex-2} (You bought it in a shop on level 14 of
                  | the Dungeon)
 31250 | D:14     | Noticed Jorgrun
 31258 | D:14     | Killed Jorgrun
 31997 | Snake:1  | Entered Level 1 of the Snake Pit
 32032 | Snake:1  | HP: 5/115 [poisoned by a naga ritualist (toxic radiance)]
 32036 | Lair:2   | HP: 2/115 [poisoned by a naga ritualist (toxic radiance)]
 32041 | Lair:2   | HP: 2/115 [poisoned by a naga ritualist (toxic radiance)]
 32046 | Lair:2   | HP: 2/115 [poisoned by a naga ritualist (toxic radiance)]
 32052 | Lair:2   | HP: 3/115 [poisoned by a naga ritualist (toxic radiance)]
 32227 | Snake:1  | Reached skill level 1 in Evocations
 32228 | Snake:1  | Reached skill level 17 in Unarmed Combat
 32367 | Snake:1  | Found a blossoming altar of Fedhas.
 32860 | Snake:1  | Found a runed translucent door.
 32860 | Snake:1  | Noticed emiel's ghost (journeyman CeHu)
 32902 | Snake:1  | Found Euhataj's Eclectic Emporium.
 32911 | Snake:1  | Bought a potion of experience for 900 gold pieces
 32911 | Snake:1  | Reached XP level 16. HP: 123/123 MP: 16/20
 32942 | Snake:1  | Identified the +4 morningstar of Uripeeh {freeze, Dex+5}
 33141 | Snake:1  | Killed emiel's ghost
 34381 | Snake:3  | Gained mutation: You are completely covered in molten
                  | scales. (AC +4, rF+) [demonic ancestry]
 34381 | Snake:3  | Reached XP level 17. HP: 130/130 MP: 21/21
 35424 | Snake:4  | Entered Level 4 of the Snake Pit
 35424 | Snake:4  | Noticed Asterion
 35436 | Snake:4  | Slain by Asterion

Levels and vault maps discovered:
D:1:      minmay_arrival_shoal_huts, layout_basic
D:2:      layout_loops_ring, tgw_trog, first_ration, minmay_misc_feat_doors
D:3:      layout_basic, chequers_ecumenical_altar_island
D:4:      layout_loops_ring, lemuel_crystal_altar, lemuel_blue_sif_altar
D:5:      layout_basic, tso_metal_star, serial_shops,
          nicolae_shop_competitors_out_of_business
D:6:      layout_basic, makhleb_heckhound_becter, minmay_temple_entry_mist,
          uniq_maggie, uniq_grinder
D:7:      layout_basic, nicolae_qazlal_general_emergency,
          nicolae_overflow_crystal_walls, old_standard_altar, basic_altar,
          serial_shops, nicolae_shop_stone, uniq_harold
D:8:      layout_basic, lemuel_crystal_altar, grunt_gozag_breadcrumbs,
          david_lair_shrubbed
D:9:      lemuel_ice_statue, layout_gridville, old_standard_altar,
          hiddenorc2_lemuel, hangedman_little_slice_of_home, skrybe_limestone_x
D:10:     layout_layer_cave, serial_shops, shop, basic_altar, special_room
          [special_room_bee]
D:11:     layout_stronghold, nicolae_dithmenos_through_a_glass_darkly,
          uniq_gastronok
D:12:     minmay_opposing_rooms, layout_rooms, serial_glass, glass_columns_c,
          glass_columns_a, minmay_checkered_concentric_circles
D:13:     layout_irregular_city, portal_ice_cave_entry_ice_beasts
D:14:     layout_roguey, erik_vaults_1, nicolae_antique_artefacts,
          ebering_dispersal_statue_hall, uniq_jorgrun
D:15:     grunt_enter_depths_hoard, layout_rooms, serial_park_avenue1,
          uniq_josephine, uniq_nessos
Temple:   minmay_temple_bridge_abc
Lair:1:   wad_woods_tower, layout_big_grid
Lair:2:   layout_cave_pods, guppyfry_snake_entry_garden, st_stairs_13,
          beast_lair_carwin_4
Lair:3:   layout_regular_city, minmay_shoals_entry_hut, gammafunk_ghost_grave,
          minivault_23, infiniplex_staircase_pool, uniq_prince_ribbit2
Lair:4:   layout_regular_city, minmay_hedge_maze
Lair:5:   minmay_lair_oklob_tunnel, layout_gridlike,
          chequers_serial_rivers_micro_c
Lair:6:   evilmike_catoblepas_cave, layout_loops_ring, slime_altar_2,
          minmay_lair_oklob_chamber, lemuel_fruit_tree, grunt_megastairs_3
Snake:1:  layout_grid_shapes, ebering_ghost_inner_flame, basic_altar,
          nicolae_alphabet_shops, grunt_ministairs_10, st_stairs_4, drop_trap,
          grunt_megastairs_2
Snake:2:  layout_grid_shapes, nicolae_snake_springs
Snake:3:  layout_misc_corridors
Snake:4:  snake_pit, layout_basic, st_stairs_13, uniq_aizul, uniq_mara,
          uniq_saint_roka, uniq_asterion

Skill      XL: |  1  2  3  4  5  6  7  8  9 10 11 12 13 14 15 16 17 |
---------------+----------------------------------------------------+-----
Unarmed Combat | 3 4 5 6 7 9 11 12 14 15 16 17 | 17.9
Fighting       | 4 5 6 7 8 10 11 | 11.2
Armour         | 2 6 8 9 10 11 12 | 12.0
Dodging        | 4 7 8 10 11 12 | 12.4
Shields        | 4 |  4.0
Evocations     | 6 |  6.0
Stealth        | |  1.7

Action                   |  1- 3 |  4- 6 |  7- 9 | 10-12 | 13-15 | 16-18 || total
-------------------------+-------+-------+-------+-------+-------+-------++-------
Melee: Unarmed           |   120 |   220 |   408 |   690 |  1034 |   362 ||  2834
       Punch             |     1 |     5 |    19 |    49 |    30 |       ||   104
       Kick              |       |     3 |   106 |   224 |   393 |   140 ||   866
 Cast: Apportation       |       |       |       |       |    12 |       ||    12
Invok: Lunge             |       |       |    20 |    52 |    78 |    22 ||   172
       Whirlwind         |       |       |     5 |    54 |    73 |    45 ||   177
       Serpent's Lash    |       |       |       |       |     1 |       ||     1
 Abil: Wall Jump         |       |       |       |     1 |       |       ||     1
Evoke: Wand              |       |       |     3 |       |     2 |       ||     5
  Use: Scroll            |       |     9 |     4 |     6 |    17 |       ||    36
       Potion            |       |     7 |     4 |     1 |     1 |     1 ||    14
 Stab: Sleeping          |     9 |     7 |    15 |    11 |     6 |       ||    48
       Distracted        |       |     1 |     2 |     2 |     9 |     2 ||    16
  Eat: Chunk             |     1 |    10 |    14 |    27 |    28 |     6 ||    86
       Ration            |       |       |     2 |     1 |     4 |     1 ||     8
Armor: Robe              |    23 |    60 |    25 |       |       |       ||   108
       Leather armour    |       |       |    55 |   133 |    97 |       ||   285
       Skin              |       |       |    11 |       |       |       ||    11
       Crystal plate arm |       |       |       |       |   218 |   165 ||   383
Dodge: Dodged            |    84 |   177 |   216 |   401 |   465 |   101 ||  1444
Block: Buckler           |       |       |       |       |   189 |    97 ||   286

Table legend:
 A = Non-vault XP
 B = Vault XP
 C = Vault XP percentage of total XP
 D = Non-vault monster count
 E = Vault monster count
 F = Vault count percentage of total count
                 A         B        C        D         E       F
            +---------+---------+-------+---------+---------+-------
      Total |  121034 |   57588 |  32.2 |     605 |     213 |  26.0
            +---------+---------+-------+---------+---------+-------
        D:1 |      33 |       0 |   0.0 |      18 |       0 |   0.0
        D:2 |      67 |      12 |  15.2 |      18 |       5 |  21.7
        D:3 |      67 |       0 |   0.0 |      26 |       0 |   0.0
        D:4 |     302 |       0 |   0.0 |      21 |       0 |   0.0
        D:5 |     646 |       0 |   0.0 |      27 |       0 |   0.0
        D:6 |     632 |     307 |  32.7 |      20 |       2 |   9.1
        D:7 |    1287 |       0 |   0.0 |      22 |       0 |   0.0
        D:8 |    1199 |     358 |  23.0 |      23 |       1 |   4.2
        D:9 |    2779 |     484 |  14.8 |      21 |      40 |  65.6
       D:10 |    3067 |    1532 |  33.3 |      29 |      24 |  45.3
       D:11 |    4785 |    2725 |  36.3 |      37 |       3 |   7.5
       D:12 |    9384 |    7480 |  44.4 |      40 |      13 |  24.5
       D:13 |    8576 |     810 |   8.6 |      27 |       8 |  22.9
       D:14 |    7827 |    4681 |  37.4 |      31 |       3 |   8.8
       D:15 |    5406 |    4536 |  45.6 |      19 |       8 |  29.6
     Lair:1 |    3711 |    1923 |  34.1 |      17 |       7 |  29.2
     Lair:2 |    7454 |    1657 |  18.2 |      36 |       7 |  16.3
     Lair:3 |    3121 |     996 |  24.2 |      14 |       5 |  26.3
     Lair:4 |    3373 |       0 |   0.0 |      17 |       0 |   0.0
     Lair:5 |    3010 |    1512 |  33.4 |      14 |       2 |  12.5
     Lair:6 |    4340 |   14041 |  76.4 |      20 |      32 |  61.5
    Snake:1 |   12762 |    5960 |  31.8 |      28 |       8 |  22.2
    Snake:2 |   11628 |    4805 |  29.2 |      25 |      19 |  43.2
    Snake:3 |   25578 |       0 |   0.0 |      55 |       0 |   0.0
      IceCv |       0 |    3769 | 100.0 |       0 |      26 | 100.0
            +---------+---------+-------+---------+---------+-------
